 Dungeon Sprint DCSS version 0.21-a0-94-gdd6ab6a (webtiles) character file.

2420 Kidiri the Fighter (level 9, -12/85 HPs)
             Began as a Black Draconian Transmuter on July 2, 2017.
             Was a Priest of Qazlal.
             Mangled by a seven-headed hydra (15 damage)
             ... in the Dungeon (Sprint IX: "|||||||||||||||||||||||||||||").
             The game lasted 00:04:45 (1440 turns).

Kidiri the Fighter (Black Draconian Transmuter)     Turns: 1440, Time: 00:04:46

Health: -12/85     AC:  2    Str: 14    XL:     9   Next: 24%
Magic:  7/21       EV: 28    Int: 17    God:    Qazlal [***...]
Gold:   0          SH:  4    Dex: 19    Spells: 9/24 levels left

rFire    . . .     SeeInvis +     - Unarmed
rCold    . . .     Gourm    .   (shield currently unavailable)
rNeg     . . .     Faith    .   (armour unavailable)
rPois    x         Spirit   .   (helmet currently unavailable)
rElec    .         Reflect  .   (cloak currently unavailable)
rCorr    .         Harm     .   (gloves currently unavailable)
MR       .....     Clarity  +   (boots currently unavailable) Stlth ++........NoTele +
                                (no amulet)
HPRegen  0.24/turn              o - +3 ring of strength
MPRegen  0.17/turn              p - +3 ring of intelligence

@: spider-form (expiring)
A: (breathe lightning), unfitting armour, see invisible, clarity, weak 1, AC +7
a: End Transformation, Upheaval, Elemental Force, Renounce Religion


You were in the Dungeon.
You worshipped Qazlal.
Qazlal was most pleased with you.
You were not hungry.
You were a venomous arachnid creature.
You visited 1 branch

Inventory:

Missiles
 a - 12 arrows
Armour
 n - a +0 pair of gloves (melded)
Jewellery
 o - a +3 ring of strength (left front leg)
 p - a +3 ring of intelligence (right front leg)
Wands
 m - a wand of iceblast (7/15)
Scrolls
 i - 3 scrolls of blinking
 k - 4 scrolls of remove curse
 l - 2 scrolls of amnesia
 q - 2 scrolls of identify
 r - 2 scrolls of enchant weapon
Potions
 c - 4 potions of heal wounds
 d - 5 potions of curing
 e - a potion of invisibility
 f - a potion of haste
 g - 4 potions of magic
 h - 3 potions of brilliance
Books
 b - a book of Changes

   Spells                             Type                      Level
   a - Beastly Appendage              Transmutation                1
   b - Sticks to Snakes               Transmutation                2
   c - Spider Form                    Transmutation/Poison         3
   d - Ice Form                       Ice/Transmutation            4
   e - Blade Hands                    Transmutation                5
Comestibles
 j - a bread ration


   Skills:
 * Level 9.6 Fighting
 * Level 8.3 Dodging
 + Level 6.0 Stealth
 * Level 9.2 Unarmed Combat
 * Level 8.3 Spellcasting
 + Level 6.3 Transmutations
 + Level 4.7 Ice Magic
 + Level 5.0 Poison Magic
 + Level 5.3 Invocations


You had 9 spell levels left.
You knew the following spells:

 Your Spells              Type           Power        Failure   Level  Hunger
a - Beastly Appendage     Tmut           ####..       4%          1    None
b - Sticks to Snakes      Tmut           ####....     5%          2    None
c - Spider Form           Tmut/Pois      ####......   11%         3    #......
d - Ice Form              Ice/Tmut       ####....     24%         4    ###....
e - Blade Hands           Tmut           ####......   41%         5    #####..


Dungeon Overview and Level Annotations

Branches:
Dungeon (1/1)

Altars:
Cheibriados
Dithmenos
Elyvilon
Fedhas
Gozag
Hepliaklqana
Kikubaaqudgha
Makhleb
Nemelex Xobeh
Okawaru
Qazlal
Ru
Sif Muna
Trog
Uskayaw
Vehumet
Wu Jian
Xom
Yredelemnul
Zin
The Shining One
Beogh
Jiyva
Lugonu


Innate Abilities, Weirdness & Mutations

((You can breathe wild blasts of lightning.))
((Your glossy black scales are hard. (AC +7)))
You cannot fit into any form of body armour.
((You are resistant to electric shocks. (rElec)))
((You are cold-blooded and may be slowed by cold attacks.))
You have supernaturally acute eyesight. (SInv)
You possess an exceptional clarity of mind.
((Your flesh is cold resistant. (rC+)))
You are weak. (Str -2)


Message History

The seven-headed hydra is moderately wounded.
The seven-headed hydra completely misses you.
The seven-headed hydra barely misses you.
The seven-headed hydra misses you.
The seven-headed hydra barely misses you.
You block the seven-headed hydra's attack.
The seven-headed hydra closely misses you.
The seven-headed hydra completely misses you.
You bite the seven-headed hydra!
The seven-headed hydra is heavily wounded.
Your transformation is almost over.
The seven-headed hydra bites you! The seven-headed hydra bites you.
The seven-headed hydra closely misses you.
The seven-headed hydra bites you!
* * * LOW HITPOINT WARNING * * *
The seven-headed hydra bites you!
* * * LOW HITPOINT WARNING * * *
The seven-headed hydra closely misses you.
The seven-headed hydra bites you!
You die...

▓▓▓▓▓▓▓▓▓▓▓▓▓▓▓▓▓▓▓▓▓
▓F.F..l.'%.....)(.F..
▓l▓▓▓▓▓▓▓▓▓▓▓▓▓▓▓▓▓▓▓
▓.FDs................
▓▓▓▓▓▓▓▓▓▓▓▓▓▓▓▓▓▓▓▓▓
▓<...)....)')....'___
▓▓▓▓▓▓▓▓▓▓▓▓▓▓▓▓▓▓▓▓▓


You could see a seven-headed hydra, a komodo dragon and a spiny frog.

Vanquished Creatures
  An unseen horror (D)
  A black mamba (D)
  A spiny frog (D)
  A komodo dragon (D)
  A tengu conjurer (D)
  A hornet (D)
  A hippogriff (D)
  A porcupine (D)
  2 ogres (D)
  A scorpion (D)
  A jelly (D)
  An orc wizard (D)
  2 adders (D)
  An adder zombie (D)
  An adder skeleton (D)
  An orc (D)
  A bat zombie (D)
  2 kobolds (D)
  3 bats (D)
  A frilled lizard (D)
  A quokka zombie (D)
26 creatures vanquished.

Notes
Turn   | Place    | Note
-------+----------+-------------------------------------------
     0 | D        | Kidiri the Draconian Transmuter began the quest for the Orb.
     0 | D        | Reached XP level 1. HP: 16/16 MP: 3/3
    63 | D        | Noticed an ogre
    63 | D        | Noticed an ogre
    71 | D        | Killed an ogre
    71 | D        | Reached XP level 2. HP: 24/27 MP: 2/7
    71 | D        | Reached XP level 3. HP: 29/33 MP: 2/8
    71 | D        | Reached XP level 4. HP: 36/40 MP: 2/10
    81 | D        | Killed an ogre
    81 | D        | Reached skill level 5 in Fighting
    81 | D        | Reached skill level 5 in Unarmed Combat
    81 | D        | Reached XP level 5. HP: 19/48 MP: 2/12
    95 | D        | Found a roughly hewn altar of Beogh.
    95 | D        | Found a snail-covered altar of Cheibriados.
    95 | D        | Found a shadowy altar of Dithmenos.
    95 | D        | Found a white marble altar of Elyvilon.
    95 | D        | Found a blossoming altar of Fedhas.
    95 | D        | Found an opulent altar of Gozag.
    96 | D        | Found a hazy altar of Hepliaklqana.
    97 | D        | Found a viscous altar of Jiyva.
    98 | D        | Found an ancient bone altar of Kikubaaqudgha.
   101 | D        | Found a corrupted altar of Lugonu.
   102 | D        | Found a burning altar of Makhleb.
   103 | D        | Found a sparkling altar of Nemelex Xobeh.
   104 | D        | Found an iron altar of Okawaru.
   105 | D        | Found a stormy altar of Qazlal.
   108 | D        | Found a sacrificial altar of Ru.
   109 | D        | Found a deep blue altar of Sif Muna.
   110 | D        | Found a bloodstained altar of Trog.
   111 | D        | Found a hide-covered altar of Uskayaw.
   112 | D        | Found a radiant altar of Vehumet.
   113 | D        | Found an ornate altar of the Wu Jian Council.
   114 | D        | Found a shimmering altar of Xom.
   115 | D        | Became a worshipper of Qazlal Stormbringer
   116 | D        | Found a basalt altar of Yredelemnul.
   117 | D        | Found a glowing silver altar of Zin.
   118 | D        | Found a glowing golden altar of the Shining One.
   307 | D        | Learned a level 2 spell: Sticks to Snakes
   311 | D        | Learned a level 3 spell: Spider Form
   316 | D        | Learned a level 4 spell: Ice Form
   318 | D        | Noticed a hornet
   321 | D        | Killed a hornet
   321 | D        | Reached skill level 5 in Dodging
   321 | D        | Reached skill level 5 in Spellcasting
   321 | D        | Reached skill level 1 in Poison Magic
   321 | D        | Reached XP level 6. HP: 58/58 MP: 9/14
   324 | D        | Reached * piety under Qazlal
   330 | D        | Reached ** piety under Qazlal
   471 | D        | Learned a level 5 spell: Blade Hands
   476 | D        | Noticed a hippogriff
   476 | D        | Noticed a tengu conjurer
   693 | D        | HP: 1/69 [something (8)]
   697 | D        | Killed an unseen horror
   697 | D        | Reached skill level 5 in Stealth
   697 | D        | Reached skill level 5 in Transmutations
   697 | D        | Your scales start taking on a glossy black colour.
   697 | D        | Reached XP level 7. HP: 12/68 MP: 5/17
   697 | D        | Gained mutation: You are resistant to electric shocks. (rElec) [Black Draconian growth]
   697 | D        | Reached XP level 8. HP: 13/74 MP: 5/18
   702 | D        | HP: 4/88 [tengu conjurer (1)]
   703 | D        | Killed a tengu conjurer
   703 | D        | Reached *** piety under Qazlal
  1110 | D        | Killed a hippogriff
  1214 | D        | Gained mutation: Your flesh is cold resistant. (rC+) [potion of mutation]
  1214 | D        | Gained mutation: You have supernaturally acute eyesight. (SInv) [potion of mutation]
  1214 | D        | Gained mutation: You are weak. (Str -2) [potion of mutation]
  1214 | D        | Gained mutation: You possess an exceptional clarity of mind. [potion of mutation]
  1235 | D        | Noticed a komodo dragon
  1235 | D        | Noticed a black mamba
  1235 | D        | Noticed a seven-headed hydra
  1235 | D        | Noticed a spiny frog
  1235 | D        | Noticed a spiny frog
  1239 | D        | Noticed a komodo dragon
  1248 | D        | Killed a komodo dragon
  1420 | D        | Killed a black mamba
  1420 | D        | Reached skill level 5 in Invocations
  1420 | D        | Reached XP level 9. HP: 73/84 MP: 14/21
  1424 | D        | Killed a spiny frog
  1424 | D        | Reached skill level 5 in Poison Magic
  1440 | D        | HP: 3/85 [seven-headed hydra (17)]
  1440 | D        | Mangled by a seven-headed hydra

Vault maps used:
D:        linesprint

Skill      XL: |  1  2  3  4  5  6  7  8  9 |
---------------+----------------------------+-----
Dodging        | 3 4 5 7 8 |  8.3
Fighting       | 4 5 6 8 9 |  9.6
Stealth        | 2 3 5 6 |  6.0
Unarmed Combat | 4 5 6 7 9 |  9.2
Spellcasting   | 4 5 7 8 |  8.3
Transmutations | 3 4 5 6 |  6.3
Ice Magic      | 2 3 4 |  4.7
Poison Magic   | 1 3 4 5 |  5.0
Invocations    | 2 3 5 |  5.3

Action                   |  1- 3 |  4- 6 |  7- 9 || total
-------------------------+-------+-------+-------++-------
Melee: Unarmed           |    21 |    33 |    23 ||    77
       Kick              |     3 |     2 |       ||     5
       Tailslap          |     3 |     1 |       ||     4
       Headbutt          |     2 |       |       ||     2
 Cast: Beastly Appendage |     2 |     1 |       ||     3
       Spider Form       |       |     2 |     1 ||     3
       Ice Form          |       |     1 |       ||     1
       Blade Hands       |       |       |     3 ||     3
Invok: Upheaval          |       |     1 |     6 ||     7
  Use: Potion            |       |     3 |     2 ||     5
 Stab: Sleeping          |       |     1 |       ||     1
  Eat: Bread ration      |       |       |     1 ||     1
Armor: Skin              |     6 |     4 |     9 ||    19
Dodge: Dodged            |    12 |    15 |    29 ||    56
Block: Other             |       |       |     5 ||     5
